 Dungeon Crawl Stone Soup version 0.30-a0-219-gf2db51d15e (webtiles) character file.

Game seed: 2813100000778912630

247 KennySheep the Changer (level 6, -1/44 HPs)
             Began as a Barachi Transmuter on Oct 7, 2022.
             Shot with an arrow by a centaur (6 damage)
             ... on level 4 of the Dungeon.
             The game lasted 00:08:02 (2663 turns).

KennySheep the Changer (Barachi Transmuter)         Turns: 2663, Time: 00:08:03

Health: -1/44      AC:  4    Str: 14    XL:     6   Next: 11%
Magic:  6/10       EV: 13    Int: 19    God:
Gold:   133        SH:  0    Dex: 18    Spells: 3/10 levels left

rFire   . . .      SeeInvis .      - Unarmed
rCold   . . .      Faith    +    (no shield)
rNeg    . . .      Spirit   .    a - +0 robe
rPois   .          Reflect  .    (no helmet)
rElec   .          Harm     .    c - scarf {shadows}
rCorr   .          Rampage  .    k - +0 pair of gloves
Will    .....                    z - +0 pair of boots
Stlth   ++........               x - amulet of faith
HPRegen 0.27/turn                n - +6 ring of intelligence
MPRegen 0.12/turn                g - +6 ring of dexterity

@: very slightly contaminated, slow
A: amphibious, slowness 1, strong legs 1, +LOS
a: Hop


You were on level 4 of the Dungeon.
You visited 1 branch of the dungeon, and saw 4 of its levels.

You collected 133 gold pieces.

Inventory:

Armour
 a - a +0 robe (worn)
 c - a scarf of shadows (worn)
 k - a +0 pair of gloves (worn)
 z - a +0 pair of boots (worn)
Jewellery
 g - a +6 ring of dexterity (right hand)
 m - a ring of flight
 n - a +6 ring of intelligence (left hand)
 p - a +4 ring of evasion
 x - an amulet of faith (around neck)
Wands
 y - a wand of paralysis (11)
Scrolls
 h - 2 scrolls of identify
 i - 2 scrolls of teleportation
 j - 2 scrolls of silence
 l - 2 scrolls of summoning
 r - a scroll of butterflies
 t - a scroll of noise {unknown}
 u - a scroll of magic mapping {unknown}
 v - a scroll of brand weapon {unknown}
Potions
 b - 2 potions of lignification
 d - a potion of might {unknown}
 e - a potion of invisibility {unknown}
 f - a potion of haste {unknown}
 o - a potion of heal wounds {unknown}
 q - a potion of degeneration {unknown}
 s - 3 potions of attraction {unknown}
 w - a potion of curing {unknown}


   Skills:
 - Level 2.2 Fighting
 - Level 2.9 Dodging
 - Level 3.8 Unarmed Combat
 - Level 2.7 Spellcasting
 * Level 4.1 Transmutations
 * Level 3.7 Ice Magic


You had 3 spell levels left.
You knew the following spells:

 Your Spells              Type           Power      Damage    Failure   Level
a - Beastly Appendage     Tmut           36%        N/A       2%          1
b - Wereblood             Tmut           18%        N/A       4%          2
c - Ice Form              Ice/Tmut       17%        N/A       30%         4

Your spell library contained the following spells:

 Spells                   Type           Power      Damage    Failure   Level
 Sting                    Tmut/Pois      40%        1d5       7%          1
 Spider Form              Tmut/Pois      10%        N/A       21%         3
 Poisonous Vapours        Pois/Air       4%         N/A       24%         2
 Olgreb's Toxic Radiance  Pois           2%         N/A       83%         4


Dungeon Overview and Level Annotations

Branches:
Dungeon (4/15)
 Temple: D:4-7

Altars:
Uskayaw
Xom


Innate Abilities, Weirdness & Mutations

You are amphibious.
You cover ground slowly.
You can hop short distances.
You have an extended range of vision and can be seen from far away.


Message History

You open the door.
There is an open door here.
An orc comes into view. It is wielding a +0 war axe.
An orc is nearby!
An orc is nearby!
An orc is nearby!
An orc comes into view. It is wielding a +0 club.
The orc shouts!
You hear a shout!
The orc shouts!
A centaur comes into view.
The orc throws a boomerang.
The boomerang closely misses you.
The centaur wields a +0 shortbow.
The centaur shoots an arrow.
The arrow misses you.
You punch the orc!
You kill the orc!
The centaur shoots an arrow.
The arrow closely misses you.
You hit the orc.
The orc is lightly wounded.
The centaur shoots an arrow.
The arrow hits you. The orc completely misses you.
You hit the orc but do no damage.
The orc is lightly wounded.
The centaur shoots an arrow.
The arrow misses you. The orc closely misses you.
You hit the orc but do no damage.
The orc is lightly wounded.
The centaur shoots an arrow.
The arrow hits you!
The centaur shoots an arrow.
The arrow misses you. The orc closely misses you.
You hit the orc.
The orc is severely wounded.
You hit the orc.
The orc is almost dead.
The centaur shoots an arrow.
The arrow hits you! The orc closely misses you.
The centaur shoots an arrow.
The arrow hits you!
* * * LOW HITPOINT WARNING * * *
Casting: Wereblood (safe; 4% risk of failure)
Confirm with . or Enter, or press ? or * to list all spells.
The spell is quite dangerous to miscast (30% risk of failure)!
Continue anyway?
You miscast Ice Form.
You are very lightly contaminated with residual magic.
Nothing appears to happen.
The orc closely misses you.
The centaur shoots an arrow.
The arrow hits you.
You die...

#.# #.# #.#
######'##
####.......#
..#.......#
###.#.......#
###.####.#.#.......#
......o@.........>##
###..........####.#
#..........# #.#
.............# #.#
.............# #.#
........c.?..####'##
.............#.....#
..#..........#.....#
######.. #.....#


You could see a centaur and an orc.

Vanquished Creatures
  Natasha (thrice) (D:2)
  3 gnolls (D:3)
  6 adders
  3 dart slugs
  5 orcs
  4 endoplasms
  5 giant cockroaches
  4 goblins
  9 hobgoblins
  3 jackals (D:1)
  7 kobolds
  4 quokkas
  4 ball pythons
  8 bats
  5 frilled lizards
  4 rats
77 creatures vanquished.

Vanquished Creatures (collateral kills)
  A dart slug (D:1)
1 creature vanquished.

Grand Total: 78 creatures vanquished

Notes
Turn   | Place    | Note
-------+----------+-------------------------------------------
     0 | D:1      | KennySheep the Barachi Transmuter began the quest for the
                  | Orb.
     0 | D:1      | Reached XP level 1. HP: 15/15 MP: 3/3
    70 | D:1      | Reached XP level 2. HP: 16/21 MP: 5/5
   107 | D:1      | Learned a level 2 spell: Wereblood
   123 | D:1      | Reached skill level 1 in Ice Magic
   441 | D:1      | You fall into a shaft and drop 1 floor!
   539 | D:2      | Reached XP level 3. HP: 13/27 MP: 4/6
  1520 | D:2      | Found a hide-covered altar of Uskayaw.
  1538 | D:2      | Reached skill level 3 in Transmutations
  1538 | D:2      | Reached XP level 4. HP: 28/33 MP: 7/7
  1625 | D:2      | Noticed Natasha
  1648 | D:2      | Killed Natasha
  1655 | D:2      | Noticed Natasha
  1661 | D:2      | Killed Natasha
  1662 | D:2      | Reached XP level 5. HP: 22/38 MP: 5/9
  1690 | D:2      | Noticed Natasha
  1696 | D:2      | Killed Natasha
  1767 | D:2      | Learned a level 4 spell: Ice Form
  2150 | D:3      | Noticed a black bear
  2163 | D:3      | Found a faded altar of an unknown god.
  2198 | D:3      | Found a hide-covered altar of Uskayaw.
  2253 | D:3      | Found a shimmering altar of Xom.
  2411 | D:3      | Reached skill level 4 in Transmutations
  2414 | D:3      | Reached XP level 6. HP: 25/44 MP: 7/10
  2663 | D:4      | Shot with an arrow by a centaur

Illustrated notes

Levels and vault maps discovered:
D:1:      shiori_arrival_oz, layout_loops_corners
D:2:      layout_rooms, basic_altar, chequers_serial_rivers_micro_c,
          chequers_serial_rivers_micro_b, uniq_natasha
D:3:      layout_rooms, mainiacjoe_overflow_large_starburst,
          dreamdust_ecumenical_altar_statues, lightli_corner_chamber
D:4:      layout_basic, old_standard_altar, uniq_sigmund

Skill      XL: |  1  2  3  4  5 |
---------------+----------------+-----
Ice Magic      | 1 2 3 |  3.7
Transmutations | 3 4 |  4.1
Fighting       | 2 |  2.2
Dodging        | |  2.9
Unarmed Combat | |  3.8
Spellcasting   | |  2.7

Action                   |  1- 3 |  4- 6 || total
-------------------------+-------+-------++-------
Melee: Unarmed           |   164 |   134 ||   298
       Punch             |     3 |     6 ||     9
       Headbutt          |     1 |    12 ||    13
       Kick              |     2 |    17 ||    19
 Cast: Beastly Appendage |     1 |     8 ||     9
       Wereblood         |       |     3 ||     3
  Use: Scroll            |     2 |     2 ||     4
 Stab: Sleeping          |     1 |       ||     1
Armor: Robe              |    24 |    29 ||    53
Dodge: Dodged            |   107 |   100 ||   207

Table legend: (Time is in decaauts)
 A = Elapsed time spent in this place.
 B = Non-inter-level travel time spent in this place.
 C = Inter-level travel time spent in this place.
 D = Time resting spent in this place.
 E = Time spent auto-exploring this place.
 F = Levels seen in this place.
 G = Mean time per level.
                   A        B        C        D        E       F      G
               +--------+--------+--------+--------+--------+-----+--------+
         Total |   2988 |   2926 |     62 |    220 |   1957 |   4 |  747.0 |
       Dungeon |   2988 |   2926 |     62 |    220 |   1957 |   4 |  747.0 |
               +--------+--------+--------+--------+--------+-----+--------+

Top non-repeatable levels by time:
     D:1: 1361 daAuts
     D:2: 853 daAuts
     D:3: 633 daAuts
     D:4: 139 daAuts
